Map: Ruby Rock LE

Players

Blackprisme

  • Race: Terran Terran
  • League: Gold
  • Spawn Location: 11:00

Shader - Winner!

  • Race: Zerg Zerg
  • League: Platinum
  • Spawn Location: 5:00

VOD

Have the link to the VOD?

Description

Time

  • Played on: Nov. 25, 2025, 9:58 a.m.
  • Length: 25:36
Show
View Real Time Build Order
Export as new Build Order

Blackprisme Terran 

Build Orders:  

Get SALT Encoding   

  12  0:01  SCV  
  13  0:13  SCV  
  14  0:17  Supply Depot  
  14  0:25  SCV  
  15  0:39  SCV  
  15  0:41  Barracks  
  16  0:51  SCV  
  17  0:57  Refinery  
  17  1:02  Barracks  
  17  1:06  SCV  
  18  1:28  Supply Depot  
  18  1:29  Bunker  
  18  1:30  Marine  
  19  1:37  SCV  
  20  1:48  Marine  
  20  1:49  Marine  
  20  1:53  Orbital Command  
  21  2:05  Marine  
  22  2:10  Marine  
  23  2:18  Factory  
  23  2:19  SCV  
  24  2:27  Bunker  
  24  2:29  Marine  
  25  2:31  Marine  
  26  2:46  Refinery, Supply Depot, SCV  
  26  2:48  Marine  
  28  2:52  Marine  
  29  3:15  Marine  
  30  3:33  Marine  
  31  3:35  Factory Tech Lab  
  31  3:36  SCV, Starport  
  32  3:52  Command Center  
  32  4:02  SCV  
  33  4:06  Supply Depot  
  33  4:14  SCV  
  34  4:19  Cloaking Field, Banshee  
  37  4:26  SCV  
  37  4:28  Factory Reactor  
  38  4:34  Engineering Bay  
  38  4:38  SCV  
  39  4:42  Supply Depot  
  39  4:50  SCV  
  39  4:51  Supply Depot  
  40  4:59  Marine  
  30  5:02  SCV, Banshee  
  35  5:15  Orbital Command  
  33  5:28  Hellion x2  
  35  5:33  SCV  
  35  5:42  SCV  
  36  5:45  SCV  
  36  5:48  Raven  
  39  5:51  Hellion x2  
  39  5:54  SCV  
  44  6:06  Barracks Tech Lab  
  44  6:09  SCV  
  44  6:11  Missile Turret  
  45  6:12  Hellion  
  45  6:16  Hellion  
  49  6:22  Command Center  
  49  6:31  SCV  
  51  6:40  SCV  
  51  6:48  SCV  
  51  6:52  SCV, Liberator  
  51  6:54  Hellion  
  56  6:55  Command Center  
  56  7:01  SCV  
  56  7:07  SCV  
  52  7:11  Armory  
  52  7:21  SCV  
  53  7:36  SCV  
  54  7:37  SCV  
  54  7:45  SCV  
  54  7:46  Marine  
  54  7:47  Marine  
  54  7:48  Siege Tank  
  60  7:51  Orbital Command  
  60  7:54  Command Center  
  60  7:55  Command Center  
  60  7:59  SCV  
  60  8:01  SCV  
  62  8:09  Orbital Command  
  62  8:12  SCV  
  63  8:13  SCV  
  63  8:14  Factory  
  63  8:16  Refinery  
  63  8:17  SCV  
  63  8:19  Refinery  
  65  8:24  SCV  
  65  8:25  SCV  
  67  8:34  SCV  
  67  8:38  Orbital Command  
  67  8:41  SCV  
  69  8:42  Thor  
  69  8:45  Terran Vehicle Weapons Level 1  
  69  8:46  SCV  
  69  8:47  Factory, SCV  
  77  8:49  Refinery, Factory  
  77  8:50  Refinery  
  77  8:51  Hi-Sec Auto Tracking  
  77  8:53  SCV  
  78  8:58  SCV  
  78  9:00  Hellion x2  
  78  9:01  Infernal Pre-Igniter  
  83  9:04  SCV x2  
  83  9:08  Orbital Command  
  83  9:09  SCV  
  86  9:17  SCV  
  87  9:26  SCV  
  87  9:28  Hellion  
  87  9:29  Hellion  
  92  9:33  SCV  
  92  9:38  Starport  
  95  9:40  Refinery, Starport  
  95  9:44  Refinery, SCV  
  94  9:48  Orbital Command, SCV  
  94  9:49  Missile Turret  
  94  9:50  Missile Turret  
  94  9:52  Liberator  
  93  9:55  Interference Matrix  
  93  9:56  Widow Mine  
  93  9:57  Widow Mine  
  93  9:58  Factory Tech Lab  
  100  10:00  Marine  
  100  10:01  SCV  
  100  10:02  Missile Turret  
  100  10:03  SCV  
  100  10:04  Missile Turret x2, Factory Tech Lab  
  100  10:06  Missile Turret  
  103  10:07  SCV  
  103  10:09  Missile Turret  
  103  10:12  Missile Turret  
  102  10:16  SCV  
  102  10:18  Marine  
  102  10:20  SCV  
  98  10:24  SCV  
  98  10:26  Missile Turret, Starport Tech Lab  
  98  10:27  Starport Tech Lab  
  94  10:35  Thor  
  100  10:36  Missile Turret  
  100  10:37  Widow Mine x2  
  104  10:56  Terran Ship Weapons Level 1  
  104  11:02  SCV x3  
  90  11:23  Thor  
  90  11:24  Widow Mine  
  90  11:25  Widow Mine, Drilling Claws  
  100  11:28  Barracks Tech Lab  
  100  11:33  SCV x2  
  100  11:34  SCV  
  100  11:36  Command Center  
  100  11:37  Widow Mine  
  100  11:38  Neosteel Armor  
  100  11:39  Supply Depot  
  105  11:41  Supply Depot  
  105  11:46  Widow Mine  
  107  11:48  Fusion Core, SCV  
  107  11:49  SCV  
  107  11:50  Refinery, Armory  
  107  11:52  Refinery  
  109  12:01  SCV  
  110  12:05  SCV  
  111  12:15  Refinery  
  111  12:19  Refinery  
  111  12:22  Marine, Missile Turret x2  
  109  12:24  Widow Mine x2  
  109  12:25  Missile Turret x2  
  109  12:26  Missile Turret  
  103  12:39  Marine  
  103  12:47  SCV x2  
  103  12:49  Battlecruiser  
  111  12:54  Starport  
  111  12:56  SCV  
  111  12:57  Marine  
  113  13:00  SCV  
  113  13:04  Command Center  
  113  13:05  Widow Mine x4, Terran Vehicle Weapons Level 2  
  122  13:06  Command Center  
  122  13:08  Command Center  
  122  13:11  Armory  
  122  13:22  SCV x3  
  125  13:27  Weapon Refit  
  125  13:28  SCV  
  125  13:32  Barracks x2  
  125  13:33  Barracks  
  126  13:44  Widow Mine x3  
  126  13:45  Widow Mine  
  134  13:52  SCV, Command Center x2  
  134  13:53  Planetary Fortress  
  135  13:58  Terran Ship Weapons Level 2  
  135  14:01  Battlecruiser  
  141  14:12  Missile Turret  
  141  14:13  Missile Turret  
  141  14:25  Battlecruiser  
  147  14:37  Barracks Tech Lab x2  
  140  15:11  Ghost Academy  
  140  15:13  Ghost Academy  
  140  15:15  Ghost Academy x2, Barracks Tech Lab  
  140  15:24  SCV x3  
  140  15:25  SCV  
  144  15:33  Battlecruiser  
  144  15:35  Planetary Fortress  
  150  15:44  Missile Turret  
  150  15:45  Missile Turret  
  150  15:47  Missile Turret  
  150  15:57  Planetary Fortress  
  150  16:03  Missile Turret, Battlecruiser  
  156  16:04  Missile Turret  
  156  16:05  Battlecruiser  
  156  16:10  Missile Turret  
  156  16:26  Missile Turret x2  
  156  16:29  Refinery, Missile Turret  
  156  16:30  Missile Turret  
  156  16:31  Missile Turret x2  
  156  16:32  Missile Turret  
  154  16:37  Viking  
  156  16:48  Personal Cloaking  
  156  16:50  Refinery, Nuke x2  
  156  16:51  Nuke  
  162  16:59  Missile Turret  
  162  17:00  Missile Turret  
  162  17:15  Unknown x2  
  162  17:16  Unknown  
  162  17:21  Terran Infantry Weapons Level 1  
  145  17:47  Unknown  
  147  17:54  Thor x2  
  147  17:55  Widow Mine x2  
  169  18:13  Command Center  
  169  18:15  Unknown  
  169  18:16  Widow Mine  
  169  18:17  Widow Mine  
  173  18:21  Unknown x2  
  173  18:22  Unknown  
  173  18:26  Thor x2  
  173  18:27  Thor  
  173  18:42  Orbital Command x2  
  173  18:44  Unknown  
  173  18:47  Nuke x2  
  173  18:48  Nuke x2  
  167  19:13  Viking x2  
  135  19:31  Thor x2  
  135  19:33  Viking  
  149  19:41  Orbital Command, SCV  
  149  19:42  Starport  
  149  19:43  Starport, Viking x2, Command Center  
  154  19:45  Terran Ship Weapons Level 3  
  154  19:47  Terran Vehicle And Ship Armor Level 1  
  152  19:59  Unknown x2  
  147  20:03  Viking  
  149  20:12  Viking  
  133  20:47  Widow Mine x2  
  95  21:06  Thor x2  
  101  21:19  Command Center  
  101  21:21  Widow Mine x2  
  101  21:24  Viking  
  101  21:25  Viking x2  
  109  21:28  Orbital Command  
  111  21:39  Refinery  
  111  21:41  Refinery, Starport Reactor  
  111  21:43  Starport Reactor  
  111  21:49  Thor x2  
  111  21:52  Widow Mine x3  
  111  21:54  Viking  
  137  21:55  Viking x2  
  141  22:13  Thor  
  141  22:15  Widow Mine x2  
  151  22:18  Unknown x3  
  151  22:24  Raven  
  151  22:25  Viking x4  
  161  22:31  Thor  
  161  22:32  Widow Mine  
  161  22:35  Nuke  
  161  22:36  Widow Mine x2  
  181  22:39  Nuke  
  181  22:47  Planetary Fortress  
  181  22:49  SCV x2  
  181  22:50  SCV x4  
  187  22:53  Widow Mine  
  187  22:55  Banshee, Raven  
  187  22:56  Widow Mine, Viking x2  
  200  23:01  Unknown x3  
  200  23:02  Unknown  
  188  23:56  Reaper  
  188  23:57  Reaper x2  
  191  24:09  Command Center  
  162  25:09  SCV x2  
  162  25:14  Starport  
  142  25:15  Starport  
  142  25:17  Starport  
Show
View Real Time Build Order
Export as new Build Order

Shader Zerg - Winner!

Build Orders: Hatch First 

Get SALT Encoding   

  12  0:01  Drone  
  13  0:09  Drone  
  14  0:17  Overlord  
  14  0:35  Drone  
  14  0:36  Drone x2  
  17  0:51  Hatchery  
  16  0:57  Extractor, Drone  
  16  1:03  Drone  
  17  1:15  Spawning Pool  
  16  1:23  Drone x2  
  18  1:30  Drone  
  19  1:41  Overlord  
  19  1:52  Drone  
  20  2:01  Queen  
  20  2:06  Queen  
  24  2:11  Zergling x2  
  24  2:13  Zergling x2  
  26  2:22  Spine Crawler  
  25  2:35  Spine Crawler  
  24  2:40  Zergling x2  
  24  2:41  Zergling x2  
  26  2:47  Zergling x2  
  26  2:49  Drone  
  26  2:50  Zergling x4  
  30  2:52  Drone  
  26  3:19  Spine Crawler  
  22  3:20  Zergling x10  
  22  3:27  Queen  
  26  3:32  Baneling Nest  
  27  3:40  Zergling x2  
  29  3:47  Metabolic Boost  
  29  3:49  Drone  
  29  3:54  Drone, Zergling x2  
  33  4:02  Zergling x2  
  33  4:03  Drone x2, Zergling x2  
  33  4:04  Overlord  
  36  4:16  Baneling x5  
  36  4:17  Baneling x2  
  36  4:25  Zergling x6  
  39  4:36  Drone, Roach Warren  
  39  4:37  Drone  
  40  4:40  Zergling x2  
  30  5:22  Spore Crawler  
  30  5:24  Spore Crawler  
  30  5:25  Drone x5  
  32  5:34  Lair  
  31  5:36  Drone x2  
  31  5:38  Extractor  
  31  5:40  Drone x4  
  36  5:43  Drone  
  36  5:49  Drone, Spore Crawler  
  37  5:58  Evolution Chamber, Drone  
  37  5:59  Drone  
  37  6:02  Extractor  
  37  6:07  Zergling x6  
  40  6:15  Drone  
  41  6:31  Spore Crawler  
  40  6:40  Spore Crawler  
  33  6:48  Roach x2  
  33  7:04  Queen, Zergling x2  
  36  7:10  Overlord  
  36  7:11  Overlord  
  36  7:12  Overlord  
  36  7:20  Overlord  
  36  7:24  Overlord  
  36  7:28  Queen, Hatchery  
  36  7:29  Zerg Missile Weapons Level 1  
  37  7:32  Drone x2  
  37  7:35  Drone x3  
  37  7:36  Drone x4  
  46  7:42  Hydralisk Den  
  45  7:48  Drone  
  45  8:01  Spire  
  45  8:02  Drone  
  45  8:08  Queen  
  47  8:16  Drone  
  47  8:17  Drone x3  
  47  8:19  Grooved Spines  
  51  8:20  Hydralisk  
  51  8:21  Hydralisk x3  
  55  8:35  Hydralisk x2  
  55  8:39  Overseer  
  59  8:55  Drone x2  
  61  8:56  Queen, Drone x2  
  65  9:06  Mutalisk  
  65  9:07  Mutalisk x3  
  73  9:10  Drone  
  73  9:13  Drone x2, Extractor  
  75  9:19  Drone  
  75  9:21  Drone x3  
  75  9:22  Drone x2  
  81  9:37  Overlord x3  
  81  9:47  Overlord  
  81  9:48  Overlord  
  81  9:53  Overlord, Lurker Den  
  80  10:01  Overlord  
  80  10:03  Zerg Flyer Weapons Level 1, Mutalisk  
  80  10:04  Mutalisk  
  84  10:07  Drone  
  84  10:08  Drone x2  
  84  10:11  Drone x3  
  90  10:14  Extractor  
  90  10:15  Extractor  
  88  10:29  Hatchery  
  87  10:46  Mutalisk x4  
  87  10:49  Zergling x6  
  84  11:23  Mutalisk x4  
  86  11:25  Zergling x2  
  86  11:26  Zergling x10  
  86  11:29  Zerg Melee Weapons Level 1  
  86  11:32  Evolution Chamber  
  91  11:33  Drone x3  
  91  11:34  Drone x4  
  91  11:38  Drone x2  
  101  11:40  Drone x3  
  101  11:42  Queen  
  105  11:56  Hydralisk x3  
  105  11:59  Drone  
  112  12:05  Infestation Pit  
  111  12:10  Pneumatized Carapace  
  90  12:46  Corruptor x6  
  102  12:52  Drone x8  
  110  13:01  Zerg Flyer Weapons Level 2  
  110  13:03  Zerg Ground Armor Level 1  
  110  13:08  Neural Parasite  
  110  13:09  Infestor  
  112  13:13  Overlord x4  
  112  13:28  Overlord x5, Hatchery  
  112  13:31  Zerg Missile Weapons Level 2  
  111  13:41  Drone x6  
  114  13:45  Extractor  
  114  13:46  Extractor  
  115  13:51  Nydus Network  
  115  13:54  Hive  
  115  13:55  Roach x4  
  122  13:57  Hydralisk  
  122  13:58  Hydralisk x5  
  134  14:10  Roach  
  134  14:12  Roach x3  
  134  14:13  Roach x2  
  146  14:21  Overlord x2  
  146  14:29  Roach x2  
  146  14:30  Roach x2  
  146  14:31  Roach x2  
  158  14:36  Nydus Canal  
  158  14:41  Roach  
  158  14:42  Roach  
  144  15:06  Hydralisk x3  
  146  15:08  Queen  
  146  15:13  Zerg Ground Armor Level 2  
  152  15:18  Greater Spire  
  152  15:20  Drone x3  
  152  15:21  Drone x2  
  157  15:25  Drone x6  
  163  15:30  Drone x2  
  163  15:31  Drone x6  
  163  15:33  Lurker  
  163  15:34  Lurker x2  
  174  15:40  Drone  
  175  16:01  Drone x2  
  175  16:02  Drone  
  178  16:20  Corruptor  
  178  16:21  Corruptor x5  
  178  16:24  Hatchery  
  189  16:26  Extractor  
  189  16:27  Extractor  
  186  16:45  Corruptor x4, Zerg Flyer Weapons Level 3  
  186  16:46  Corruptor x2  
  198  16:49  Overlord x3  
  198  16:59  Brood Lord  
  198  17:12  Overlord  
  198  17:13  Overlord x6  
  176  17:40  Corruptor  
  176  17:41  Corruptor x4  
  176  17:43  Hydralisk x3  
  168  17:45  Corruptor  
  168  17:46  Corruptor x5  
  180  17:59  Queen, Drone  
  180  18:00  Drone x2  
  180  18:05  Infestor x2  
  185  18:10  Hydralisk  
  185  18:11  Hydralisk x2  
  195  18:17  Overseer x3  
  195  18:27  Overseer  
  165  18:55  Zergling x4  
  157  19:03  Brood Lord  
  136  19:25  Roach x3  
  136  19:27  Roach x3  
  148  19:32  Hydralisk  
  148  19:33  Hydralisk x10  
  158  20:08  Hydralisk x3  
  158  20:10  Zergling x2  
  158  20:11  Zergling x6  
  158  20:12  Zergling x10  
  158  20:13  Adrenal Glands  
  120  21:05  Roach  
  120  21:06  Roach x2  
  120  21:07  Hydralisk x3  
  120  21:08  Queen  
  120  21:09  Drone x3  
  120  21:10  Queen  
  117  21:12  Hydralisk x3  
  115  21:20  Drone x3  
  115  21:23  Drone  
  115  21:24  Spine Crawler x2  
  117  21:26  Roach  
  117  21:27  Roach  
  117  21:32  Hydralisk  
  123  21:36  Lurker x2  
  123  21:37  Drone  
  126  21:45  Zergling x2  
  126  21:46  Zergling x6  
  130  21:48  Zergling x2  
  130  21:49  Overseer x2  
  131  21:56  Corruptor  
  131  21:57  Corruptor  
  131  21:59  Drone x3  
  138  22:02  Extractor  
  138  22:03  Extractor  
  138  22:08  Baneling x5  
  136  22:11  Zergling x8  
  140  22:16  Drone x2  
  142  22:23  Drone x5  
  142  22:29  Zergling x14  
  155  22:30  Zergling x2  
  155  22:31  Zergling x4  
  157  22:40  Brood Lord x2  
  157  22:43  Zergling x8  
  165  22:44  Zergling x4  
  165  22:48  Zergling x2  
  165  22:49  Zerg Melee Weapons Level 2, Zergling x4  
  170  23:05  Corruptor  
  170  23:06  Corruptor x2  
  149  23:40  Queen  
  123  24:00  Roach x4  
  123  24:01  Roach x5  
  141  24:03  Overseer x6, Brood Lord  
  141  24:06  Zergling x4  
  141  24:07  Zergling x2  
  120  24:36  Overseer x3  
  120  24:40  Hydralisk x3  
  120  24:41  Hydralisk  
Tags
 
Matchup
TvZ
Spawn Locations
Cross Positions
Add a new tag
Caveats
  • Supply blocks, unpowered buildings, or Contaminate may cause inaccurate times.
  • Supply counts are checked every 10 seconds.